Map: Frozen Temple

Players

Zergbert - Winner!

  • Race: Zerg Zerg
  • League: Master

A.I. 2 (Very Hard)

  • Race: Terran Terran

VOD

Have the link to the VOD?

Description

Time

  • Played on: Aug. 6, 2016, 5:55 p.m.
  • Length: 7:37
Show
View Real Time Build Order
Export as new Build Order

Zergbert Zerg - Winner!

Build Orders: Hatch First 

Get SALT Encoding   

  12  0:00  Drone  
  13  0:08  Drone  
  14  0:17  Overlord  
  14  0:22  Extractor  
  14  0:23  Drone  
  15  0:35  Drone  
  15  0:36  Drone  
  17  0:52  Hatchery  
  17  0:55  Drone  
  17  0:57  Extractor  
  17  0:59  Drone  
  17  1:13  Spawning Pool  
  17  1:16  Drone  
  17  1:21  Drone  
  18  1:27  Drone  
  19  1:37  Overlord  
  19  2:00  Queen  
  21  2:03  Queen  
  21  2:04  Metabolic Boost  
  21  2:05  Zergling x4  
  25  2:09  Drone  
  25  2:11  Drone  
  25  2:15  Drone  
  28  2:20  Drone  
  29  2:25  Drone  
  30  2:31  Drone  
  30  2:36  Overlord  
  31  2:42  Drone  
  32  2:47  Drone  
  32  2:49  Lair  
  33  2:53  Drone  
  33  2:55  Queen  
  36  3:01  Drone  
  36  3:05  Drone  
  36  3:11  Drone x4  
  40  3:14  Overlord  
  40  3:15  Overlord  
  40  3:17  Drone  
  40  3:19  Drone  
  42  3:24  Drone  
  43  3:27  Drone  
  43  3:31  Extractor  
  43  3:33  Drone  
  44  3:34  Evolution Chamber  
  44  3:35  Evolution Chamber  
  44  3:38  Drone  
  43  3:48  Drone x2  
  45  3:50  Extractor  
  45  3:51  Drone x2  
  45  3:52  Drone, Roach Warren  
  45  3:55  Extractor  
  45  3:56  Drone  
  45  3:58  Drone  
  45  3:59  Drone  
  45  4:01  Zerg Missile Weapons Level 1  
  48  4:14  Zerg Ground Armor Level 1  
  48  4:15  Overlord  
  48  4:16  Overlord  
  48  4:17  Overlord  
  48  4:19  Overlord  
  48  4:31  Glial Reconstitution  
  48  4:34  Roach  
  48  4:36  Roach  
  48  4:38  Roach  
  54  4:41  Roach  
  54  4:44  Roach  
  58  4:48  Roach  
  58  4:51  Roach  
  62  4:53  Roach  
  62  4:58  Roach  
  66  5:01  Roach  
  66  5:03  Roach  
  70  5:08  Drone x2  
  70  5:10  Drone  
  73  5:15  Roach x3  
  73  5:20  Roach  
  73  5:21  Roach  
  83  5:23  Roach  
  83  5:24  Roach  
  83  5:25  Hatchery  
  86  5:29  Roach  
  86  5:31  Roach  
  86  5:33  Roach  
  92  5:37  Overlord  
  92  5:39  Overlord x2  
  92  5:54  Overlord x2  
  92  6:00  Ravager  
  92  6:01  Ravager x3  
  96  6:05  Roach x2  
  96  6:08  Roach  
  102  6:13  Overlord x2  
  102  6:17  Drone x4  
  96  6:26  Drone x4  
  96  6:34  Drone  
  96  6:38  Drone x2  
  99  6:45  Drone  
  99  6:46  Drone x2  
  102  6:55  Drone x2  
  102  6:56  Drone, Hydralisk Den  
  102  6:59  Extractor  
  102  7:00  Extractor  
  96  7:08  Drone x6  
  102  7:13  Drone x2  
  102  7:14  Overlord x2  
  102  7:15  Overlord  
  104  7:17  Overlord  
  104  7:26  Hatchery  
Show
View Real Time Build Order
Export as new Build Order

A.I. 2 (Very Hard) Terran 

Build Orders: MMM Bio 

Get SALT Encoding   

  12  0:00  SCV  
  13  0:13  SCV  
  14  0:20  Supply Depot  
  14  0:25  SCV  
  15  0:29  Refinery  
  15  0:41  SCV  
  16  0:48  Barracks  
  16  0:53  SCV  
  17  1:05  SCV  
  18  1:17  SCV  
  19  1:34  Marine  
  19  1:37  Supply Depot, Orbital Command  
  19  1:39  Factory  
  20  1:53  Barracks, Marine  
  21  2:02  SCV  
  22  2:11  Barracks Tech Lab  
  22  2:14  SCV  
  23  2:22  Supply Depot  
  23  2:23  Hellion  
  23  2:29  Concussive Shells  
  25  2:31  Marauder  
  27  2:40  Barracks Tech Lab  
  27  2:44  Hellion  
  27  2:46  SCV  
  29  2:52  Marauder  
  31  2:59  SCV, Marauder  
  31  3:02  Supply Depot  
  34  3:06  Hellion  
  36  3:14  Marauder  
  38  3:24  Marauder  
  40  3:27  Hellion  
  40  3:32  Supply Depot  
  42  3:35  Marauder  
  42  3:39  SCV  
  45  3:44  Marine  
  46  3:56  Marine, Refinery  
  46  4:02  Marine  
  47  4:06  Supply Depot  
  48  4:14  Marine  
  49  4:18  SCV  
  49  4:20  Marine  
  51  4:29  Stimpack  
  51  4:30  SCV  
  52  4:31  Barracks, Marine  
  53  4:38  Marauder  
  53  4:43  SCV  
  56  4:49  Marine  
  57  4:55  Command Center  
  57  5:02  Supply Depot  
  57  5:04  Marine  
  58  5:07  Marine  
  59  5:18  Barracks Reactor  
  59  5:21  Marine  
  59  5:24  Starport  
  59  5:25  Marauder  
  62  5:35  Supply Depot  
  61  5:39  Marine  
  62  5:46  Marine  
  63  5:51  Combat Shields  
  63  5:57  Marine  
  63  5:58  Marine  
  63  6:02  Engineering Bay  
  63  6:03  Medivac  
  67  6:05  Marauder  
  67  6:11  SCV  
  70  6:14  SCV  
  69  6:22  Marine  
  69  6:23  SCV  
  55  6:25  Marine  
  55  6:27  Marine  
  55  6:30  Marine  
  34  6:40  Marine, SCV  
  34  6:41  SCV  
  34  6:44  Marine  
  34  6:45  Marauder  
  40  6:48  Marine  
  41  6:55  SCV  
  41  6:58  Marine  
  43  7:02  Marine  
  43  7:07  Marauder  
Tags
 
Composition
MMM Bio
League
Master
Matchup
TvZ
Add a new tag
Caveats
  • Supply blocks, unpowered buildings, or Contaminate may cause inaccurate times.
  • Supply counts are checked every 10 seconds.